 Dungeon Crawl Stone Soup version 0.21.1-1-g345015f (webtiles) character file.

121 Goblin1989 the Chopper (level 4, -7/35 HPs)
             Began as a Demonspawn Monk on Feb 8, 2018.
             Was a Believer of Wu Jian.
             Killed by divine providence
             ... invoked by an orc priest
              (12 damage)
             ... on level 2 of the Dungeon.
             The game lasted 00:04:12 (2532 turns).

Goblin1989 the Chopper (Demonspawn Monk)            Turns: 2532, Time: 00:04:13

Health: -7/35      AC: 13    Str: 13    XL:     4   Next: 76%
Magic:  4/4        EV: 11    Int: 11    God:    Wu Jian [**....]
Gold:   150        SH:  0    Dex: 15    Spells: 3/3 levels left

rFire    . . .     SeeInvis .   r - +0 quarterstaff (protect)
rCold    . . .     Gourm    .   (shield currently unavailable)
rNeg     . . .     Faith    .   j - +0 ring mail
rPois    .         Spirit   .   q - +0 helmet
rElec    .         Reflect  .   (no cloak)
rCorr    .         Harm     .   (no gloves)
MR       .....                  (no boots)
Stlth    +.........             (no amulet)
HPRegen  0.11/turn              (no ring)
MPRegen  0.09/turn              (no ring)

@: protection aura
A: claws 2
a: Wall Jump, Renounce Religion


You were on level 2 of the Dungeon.
You worshipped Wu Jian.
Wu Jian was pleased with you.
You were not hungry.

You visited 1 branch of the dungeon, and saw 3 of its levels.

You collected 150 gold pieces.

Inventory:

Hand Weapons
 r - a +0 quarterstaff of protection (weapon)
Armour
 b - a +0 robe
 j - a +0 ring mail (worn)
 n - a +0 scale mail
 q - a +0 helmet (worn)
Wands
 P - a wand of paralysis (7)
Scrolls
 g - a scroll of magic mapping {unknown}
 i - a scroll of amnesia {unknown}
 k - a scroll of enchant weapon {unknown}
 o - 4 scrolls of remove curse {unknown}
 s - 2 scrolls of identify {unknown}
Potions
 f - 2 potions of curing {unknown}
 h - a potion of flight {unknown}
 l - 2 potions of agility {unknown}
 t - 2 potions of degeneration {unknown}
 u - 2 potions of heal wounds {unknown}
Comestibles
 e - 6 rations
 v - 6 chunks of flesh


   Skills:
 + Level 3.1 Fighting
   Level 3.2 Axes
 + Level 0.7 Armour
 - Level 2.6 Dodging
 - Level 1.7 Stealth
 + Level 3.1 Unarmed Combat
 + Level 0.8 Evocations


You had 3 spell levels left.
You didn't know any spells.

Dungeon Overview and Level Annotations

Branches:
Dungeon (3/15)

Altars:
Nemelex Xobeh
Wu Jian


Innate Abilities, Weirdness & Mutations

You have very sharp fingernails.


Message History

There is a stone staircase leading up here.
Unknown command.
You lunge at the orc priest.
You hit the orc priest but do no damage.
Your weapon exudes an aura of protection.
The orc priest barely misses you.
You thump the orc priest!
The orc priest is heavily wounded.
The orc priest hits you but does no damage.
You barely miss the orc priest.
The orc priest is heavily wounded.
The orc priest looks satisfied for a moment.
The orc completely misses you.
You barely miss the orc priest.
The orc priest is heavily wounded.
The orc priest hits you. The orc hits you but does no damage.
The orc priest mumbles some strange prayers to Beogh against you.
Beogh smites you!
You take 12 damage, and have 23/35 hp.
MASSIVE DAMAGE!!
You hit the orc priest.
The orc priest is severely wounded.
The orc hits you but does no damage. The rat bites you but does no damage.
The orc priest invokes the aid of Beogh against you.
Beogh smites you!
* * * LOW HITPOINT WARNING * * *
You are too injured to fight recklessly!
You take 11 damage, and have 12/35 hp.
MASSIVE DAMAGE!!
You are too injured to fight recklessly!
You are too injured to fight recklessly!
You are too injured to fight recklessly!
You are too injured to fight recklessly!
You are too injured to fight recklessly!
You are too injured to fight recklessly!
You are too injured to fight recklessly!
You are too injured to fight recklessly!
You are too injured to fight recklessly!
You are too injured to fight recklessly!
You are too injured to fight recklessly!
You are too injured to fight recklessly!
You are too injured to fight recklessly!
You are too injured to fight recklessly!
You are too injured to fight recklessly!
You are too injured to fight recklessly!
You are too injured to fight recklessly!
You are too injured to fight recklessly!
You are too injured to fight recklessly!
You are too injured to fight recklessly!
You are too injured to fight recklessly!
You are too injured to fight recklessly!
You are too injured to fight recklessly!
Unknown command.
You hit the orc priest.
The orc priest is almost dead.
The orc barely misses you. The rat misses you.
The orc priest hits you but does no damage.
The orc barely misses you.
Your ring mail prevents you from hitting the orc priest.
The orc priest is almost dead.
The rat bites you but does no damage.
The orc priest hits you but does no damage.
The orc hits you but does no damage. The rat closely misses you.
You barely miss the orc priest.
The orc priest is almost dead.
The orc priest hits you.
* * * LOW HITPOINT WARNING * * *
The worm barely misses you. The orc hits you but does no damage.
The rat bites you but does no damage. The orc priest hits you.
* * * LOW HITPOINT WARNING * * *
You take 3 damage, and have 9/35 hp.
You hit the orc priest but do no damage.
The orc priest is almost dead.
The orc hits you but does no damage. The rat barely misses you.
The orc priest closely misses you. The worm bites you.
* * * LOW HITPOINT WARNING * * *
You take 3 damage, and have 6/35 hp.
Unknown command.
You spin and attack the rat.
You hit the rat.
You kill the rat!
The Council accepts your kill.
You spin to attack the worm, but your attack speed is too slow for a blow to land.
The orc throws a tomahawk.
The tomahawk closely misses you. The worm closely misses you.
There is a stone staircase leading up here.
Unknown command.
The orc priest hits you.
* * * LOW HITPOINT WARNING * * *
You climb upwards.
There is a stone staircase leading down here.
Unknown command.
You hit the orc priest but do no damage.
The orc priest is almost dead.
The orc priest hits you.
* * * LOW HITPOINT WARNING * * *
You take 1 damage, and have 5/35 hp.
You hit the orc priest but do no damage.
The orc priest is almost dead.
The orc priest begins to cast a cantrip, but forgets the words!
The orc priest invokes the aid of Beogh against you.
Beogh smites you!
You die...

█...██.█ █.█ █
█.█.██.█ █.███████ █
█.█.██.█ █.......█ ███
█.█.██.█ █.█████.█ █..
█.█.██.█ █.█ █.█
█████.█ █.█.██.█ █.█
█.████ █.....█
█...██.█ █.█ █....█
█.█████ ██..██.█
█.████████.██ █.█
██..██.█
█...o@.██...████.█████
█...██.█
██████....█.....█.....
█......█
████...████.█████
█...████ ██.██ ██.█
█...█ ███ █.█ █..█████
█...█████ ██.███.█
█.██..<. █.......█
██.█.██.█ █.██.███
██..███.██████.███.█.█
█.██.█ █..█ █.......██
██..████.██.█


You could see an orc priest.

Vanquished Creatures
  An orc priest (D:3)
  3 adders
  A worm (D:2)
  2 dart slugs (D:2)
  2 leopard geckos
  5 bats
  3 giant cockroaches
  11 goblins
  9 hobgoblins
  2 jackals (D:2)
  A kobold (D:1)
  A quokka (D:2)
  3 frilled lizards (D:1)
  9 rats
53 creatures vanquished.

Notes
Turn   | Place    | Note
-------+----------+-------------------------------------------
     0 | D:1      | Goblin1989 the Demonspawn Monk began the quest for the Orb.
     0 | D:1      | Reached XP level 1. HP: 18/18 MP: 1/1
   457 | D:1      | Gained mutation: You have sharp fingernails. [demonic ancestry]
   457 | D:1      | Reached XP level 2. HP: 20/24 MP: 2/2
  1144 | D:2      | Reached skill level 1 in Unarmed Combat
  1190 | D:2      | Reached XP level 3. HP: 21/29 MP: 3/3
  1590 | D:2      | Found an ornate altar of the Wu Jian Council.
  1615 | D:2      | Became a worshipper of the Wu Jian Council
  1615 | D:2      | Reached * piety under Wu Jian
  1615 | D:2      | Reached ** piety under Wu Jian
  2045 | D:2      | Gained mutation: You have very sharp fingernails. [demonic ancestry]
  2045 | D:2      | Reached XP level 4. HP: 34/35 MP: 4/4
  2383 | D:3      | Found a sparkling altar of Nemelex Xobeh.
  2532 | D:2      | Killed from afar by an orc priest

Skill      XL: |  1  2  3  4 |
---------------+-------------+-----
Axes           | 3 |  3.2
Unarmed Combat | 1 2 3 |  3.1
Fighting       | |  3.1
Armour         | |  0.7
Dodging        | |  2.6
Stealth        | |  1.7
Evocations     | |  0.8

Action                   |  1- 3 |  4- 6 || total
-------------------------+-------+-------++-------
Melee: Hand axe          |    83 |       ||    83
       Punch             |     1 |       ||     1
       Quarterstaff      |    55 |    42 ||    97
Invok: Lunge             |     3 |     2 ||     5
       Whirlwind         |       |     1 ||     1
 Stab: Sleeping          |     2 |       ||     2
  Eat: Chunk             |     4 |     1 ||     5
Armor: Robe              |    13 |       ||    13
       Ring mail         |    50 |    34 ||    84
Dodge: Dodged            |    69 |    30 ||    99

Vault maps used:
D:1:      matt_arrival_los_fun, minmay_stone_trees_small
D:2:      cheibrodos_greedy_goblins, old_standard_altar, first_ration
D:3:      yredelemnul_altar_generic, nemelex_diamond_rough_becter, uniq_natasha
